 Dungeon Crawl Stone Soup version 0.31-a0-1009-g454b1f1e0a (webtiles) character file.

Game seed: 16121938899884121375

154 BinkBink the Trooper (level 5, -8/42 HPs)
             Began as a Merfolk Fighter on Nov 15, 2023.
             Mangled by Blork the orc
             ... wielding a +0 glaive
              (16 damage)
             ... on level 4 of the Dungeon.
             The game lasted 00:03:44 (2303 turns).

BinkBink the Trooper (Merfolk Fighter)              Turns: 2303, Time: 00:03:44

Health: -8/42      AC:  7    Str: 18    XL:     5   Next: 35%
Magic:  5/5        EV: 10    Int:  7    God:
Gold:   202        SH:  5    Dex: 14    Spells: 4/4 levels left

rFire   . . .        a - +0 trident
rCold   . . .        c - +0 buckler
rNeg    . . .        b - +0 scale mail
rPois   .            r - +0 helmet
rElec   .            (no cloak)
rCorr   .            (no gloves)
SInv    .            (no boots)
Will    .....        (no amulet) Stlth
                     (no ring)
HPRegen 0.27/turn    (no ring)
MPRegen 0.09/turn

%: no passive effects
@: mighty
A: (nimble swimmer 2), mertail
a: no special abilities


You were on level 4 of the Dungeon.
You visited 1 branch of the dungeon, and saw 5 of its levels.

You collected 202 gold pieces.

Inventory:

Hand Weapons
 a - a +0 trident (weapon)
Missiles
 o - 2 throwing nets
Armour
 b - a +0 scale mail (worn)
 c - a +0 buckler (worn)
 r - a +0 helmet (worn)
Jewellery
 n - a ring of ice
 p - a ring of magical power
 q - a ring of magical power
Talismans
 k - a beast talisman
 t - a dragon-blood talisman
Scrolls
 e - a scroll of enchant armour {unknown}
 f - 2 scrolls of teleportation {unknown}
 g - a scroll of amnesia {unknown}
 i - a scroll of noise {unknown}
 j - 2 scrolls of identify {unknown}
 l - a scroll of enchant weapon {unknown}
Potions
 h - 4 potions of curing {unknown}
 m - a potion of attraction {unknown}
 s - a potion of resistance {unknown}


   Skills:
 + Level 4.0 Fighting
 + Level 3.8 Polearms
 - Level 2.4 Armour
 + Level 2.5 Dodging
 - Level 3.6 Shields
 + Level 1.3 Unarmed Combat
 * Level 1.6 Shapeshifting


You had 4 spell levels left.
You didn't know any spells.
Your spell library contained the following spells:

 Spells                   Type           Power      Damage    Failure   Level
 Ignite Poison            Fire/Tmut/Pois 0%         N/A       99%         3
 Sticky Flame             Conj/Fire      0%         2d3       100%        4
 Vhi's Electric Charge    Tloc/Air       0%         N/A       100%        4
 Arcjolt                  Conj/Air       0%         1d10      100%        5
 Ignition                 Fire           0%         3d3       100%        8
 Maxwell's Capacitive Co  Air            0%         ∞         100%        8


Dungeon Overview and Level Annotations

Branches:
Dungeon (5/15)             Temple (0/1) D:4

Altars:
Fedhas
Trog

Annotations:
D:4 Blork the orc


Innate Abilities, Weirdness & Mutations

((You are very nimble when in or above water. (Stealth+, EV+, Speed+++)))
Your lower body shifts to a powerful aquatic tail in water.


Message History

There is a fountain of clear blue water here.
Found a staircase to the Ecumenical Temple.
Blork the orc comes into view.
He is wielding a +0 glaive.
Blork the orc shouts!
Blork the orc is nearby!
There is a fountain of sparkling water here.
Blork the orc hits you from afar with a +0 glaive!
You reach to attack!
You puncture Blork the orc!
Blork the orc is moderately wounded.
Blork the orc closely misses you.
You reach to attack!
You closely miss Blork the orc.
Blork the orc is moderately wounded.
Blork the orc barely misses you.
You reach to attack!
You hit Blork the orc.
Blork the orc is moderately wounded.
Blork the orc hits you from afar with a +0 glaive!
Blork the orc closely misses you.
You reach to attack!
You hit Blork the orc but do no damage.
Blork the orc is moderately wounded.
Blork the orc misses you.
You reach to attack!
You hit Blork the orc.
Blork the orc is heavily wounded.
Blork the orc points at you and mumbles some strange words.
The puff of frost hits you!
You are too injured to fight recklessly!
You are too injured to fight recklessly!
You are too injured to fight recklessly!
You are too injured to fight recklessly!
You are too injured to fight recklessly!
You swing at nothing.
Blork the orc hits you from afar with a +0 glaive!
* * * LOW HITPOINT WARNING * * *
You feel very mighty all of a sudden. You block Blork the orc's attack.
You swing at nothing.
Blork the orc gestures wildly while chanting.
Blork the orc seems to speed up.
You swing at nothing.
Blork the orc hits you from afar with a +0 glaive!
You die...

#.# #.# ##.#####
############# .......#
###...#...#...# .#.###.#
#.†.⌠...⌠...⌠.# .#.# #.#
#.#...#...#...#
.#.###.###.######.## ###
.#.........#...#...#...#
.#####.###.#.>o.@⌠...⌠.#
.# #.# #.#...#...#...#
.# #.# ####.###.###.##
.. ..# #.. ... ..# ##
### #. #.⌠.# .# # #...#
# #####


You could see Blork the orc (fast).

Vanquished Creatures
  Jessica (D:2)
  Terence (D:2)
  4 adders
  A dart slug (D:1)
  3 orcs (D:3)
  9 ball pythons
  6 endoplasms
  5 goblins
  6 hobgoblins
  4 jackals (D:2)
  5 quokkas
  4 bats
  5 frilled lizards
  2 kobolds
  4 rats
60 creatures vanquished.

Notes
Turn   | Place    | Note
-------+----------+-------------------------------------------
     0 | D:1      | BinkBink the Merfolk Fighter began the quest for the Orb.
     0 | D:1      | Reached XP level 1. HP: 18/18 MP: 1/1
   113 | D:1      | Reached XP level 2. HP: 24/24 MP: 2/2
   146 | D:1      | Reached skill level 1 in Dodging
   270 | D:1      | Reached XP level 3. HP: 29/29 MP: 3/3
   868 | D:2      | Noticed Jessica
   877 | D:2      | Killed Jessica
   878 | D:2      | Reached XP level 4. HP: 19/37 MP: 4/4
  1147 | D:2      | Noticed Terence
  1165 | D:2      | Reached skill level 1 in Shapeshifting
  1176 | D:2      | Killed Terence
  1177 | D:2      | Reached skill level 1 in Unarmed Combat
  1181 | D:2      | Reached XP level 5. HP: 21/42 MP: 5/5
  1634 | D:3      | Reached skill level 4 in Fighting
  1923 | D:3      | Found a bloodstained altar of Trog.
  2145 | D:3      | Found a blossoming altar of Fedhas.
  2224 | D:4      | Identified the "Gimeip"
  2225 | D:4      | You fall into a shaft and drop 1 floor!
  2225 | D:5      | Entered Level 5 of the Dungeon
  2291 | D:4      | Found a staircase to the Ecumenical Temple.
  2292 | D:4      | Noticed Blork the orc
  2303 | D:4      | Mangled by Blork the orc

Illustrated notes

Levels and vault maps discovered:
D:1:      evilmike_arrival_crescent, layout_loops_ring, minmay_octomino_c4
D:2:      layout_basic, uniq_terence, uniq_jessica
D:3:      layout_basic, mainiacjoe_overflow_six_doors_small, fedhas_altar_3
D:4:      layout_loops_corners, mainiacjoe_overflow_alcove_4,
          minmay_temple_entry_nine_rooms, gammafunk_ghost_abyssal_escape,
          uniq_blork_the_orc, uniq_pikel, uniq_crazy_yiuf_cottage, uniq_duvessa,
          uniq_robin, uniq_natasha
D:5:      layout_basic, nicolae_gozag_zags_fifth_avenue, uniq_ijyb

Skill      XL: |  1  2  3  4  5 |
---------------+----------------+-----
Polearms       | 3 |  3.8
Dodging        | 1 2 |  2.5
Shapeshifting  | 1 |  1.6
Unarmed Combat | 1 |  1.3
Fighting       | 4 |  4.0
Armour         | |  2.4
Shields        | |  3.6

Action                     |  1- 3 |  4- 6 || total
---------------------------+-------+-------++-------
  Melee: Trident           |   105 |    69 ||   174
    Use: Potion            |       |     1 ||     1
 Armour: Scale mail        |    49 |    36 ||    85
  Dodge: Dodged            |    36 |    28 ||    64
  Block: Buckler           |    25 |    11 ||    36
   Form: Beast             |     1 |       ||     1
                           |       |     1 ||     1

Table legend: (Time is in decaauts)
 A = Elapsed time spent in this place.
 B = Non-inter-level travel time spent in this place.
 C = Inter-level travel time spent in this place.
 D = Time resting spent in this place.
 E = Time spent auto-exploring this place.
 F = Levels seen in this place.
 G = Mean time per level.
                   A        B        C        D        E       F      G
               +--------+--------+--------+--------+--------+-----+--------+
         Total |   2328 |   2225 |    103 |      4 |   1815 |   5 |  465.6 |
       Dungeon |   2328 |   2225 |    103 |      4 |   1815 |   5 |  465.6 |
               +--------+--------+--------+--------+--------+-----+--------+

Top non-repeatable levels by time:
     D:1: 775 daAuts
     D:2: 753 daAuts
     D:3: 719 daAuts
     D:4: 73 daAuts
     D:5: 6 daAuts
